 Dungeon Sprint DCSS version 0.30-a0-586-g23e55c9e0a (webtiles) character file.

Game seed: 3571203723326165906

1188 mhtbhm the Grappler (level 8, -2/88 HPs)
             Began as a Troll Transmuter on Jan 4, 2023.
             Was an Initiate of Gozag.
             Slain by a molten gargoyle
             ... wielding a +0 morningstar
              (10 damage)
             ... in the Dungeon (Sprint VII: "The Pits").
             The game lasted 00:03:31 (1435 turns).

mhtbhm the Grappler (Troll Transmuter)              Turns: 1435, Time: 00:03:31

Health: -2/88      AC:  5    Str: 21    XL:     8   Next: 19%
Magic:  8/13       EV: 11    Int:  9    God:    Gozag
Gold:   1323       SH:  0    Dex: 10    Spells: 6/16 levels left

rFire   x . .      SeeInvis .      - Unarmed
rCold   + + +      Faith    .    (shield currently unavailable)
rNeg    . . .      Spirit   .    (body armour currently unavailable)
rPois   +          Reflect  .    (helmet currently unavailable)
rElec   .          Harm     .    (cloak currently unavailable)
rCorr   .          Rampage  .    (gloves unavailable)
Will    .....      NoTele   +    (boots unavailable)
Stlth   ++                       (no amulet)
HPRegen 1.14/turn                (no ring)
MPRegen 0.13/turn                (no ring)

@: ice-form, wereblooded, gold aura
A: freezing attack, amphibious, boosted hp, large, unfitting armour, (claws 3),
regeneration 1, (shaggy fur 1), (tough skin 1)
a: End Transformation, Renounce Religion, Potion Petition, Call Merchant, Bribe
Branch


You were in the Dungeon.
You worshipped Gozag.
Gozag was most pleased with you.
You were a creature of crystalline ice.
You visited 1 branch You collected 1323 gold pieces.

Inventory:

Armour
 a - a +0 robe (melded)
Scrolls
 h - a scroll of blinking
 j - 5 scrolls of amnesia
 k - a scroll of butterflies
Potions
 b - 4 potions of curing
 d - 5 potions of heal wounds
 e - a potion of haste
 f - 4 potions of magic
 g - 3 potions of berserk rage
 i - 2 potions of invisibility


   Skills:
 + Level 2.8 Fighting
 + Level 5.6 Dodging
 + Level 2.0 Stealth
 + Level 13.2 Unarmed Combat
 + Level 4.5 Spellcasting
 + Level 5.2 Transmutations
 + Level 0.5 Ice Magic
 + Level 0.6 Poison Magic


You had 6 spell levels left.
You knew the following spells:

 Your Spells              Type           Power      Damage    Failure   Level
a - Beastly Appendage     Tmut           22%        N/A       3%          1
b - Wereblood             Tmut           11%        N/A       4%          2
c - Spider Form           Tmut/Pois      7%         N/A       22%         3
d - Ice Form              Ice/Tmut       7%         N/A       61%         4

Your spell library contained the following spells:

 Spells                   Type           Power      Damage    Failure   Level


Dungeon Overview and Level Annotations

Branches:
Dungeon (1/1)

Altars:
Ashenzari
Cheibriados
Dithmenos
Elyvilon
Fedhas
Gozag
Hepliaklqana
Kikubaaqudgha
Makhleb
Nemelex Xobeh
Okawaru
Qazlal
Ru
Sif Muna
Trog
Uskayaw
Vehumet
Wu Jian
Xom
Yredelemnul
Zin
The Shining One
Jiyva
Lugonu


Innate Abilities, Weirdness & Mutations

You are a creature of crystalline ice.
You have a powerful freezing melee attack.
You are amphibious.
Your maximum health is increased.
Your armour is entirely melded.
You are incapable of wielding weapons or throwing items.
You are too large for most types of armour.
((You have claws for hands.))
Your natural rate of healing is unusually fast.
((You are covered in fur. (AC +1)))
((You have tough skin. (AC +1)))


Message History

You howl as the wereblood boils in your veins!
You barely miss the orc priest.
The orc priest is moderately wounded.
You pummel the orc priest!! You freeze the orc priest.
You kill the orc priest!
Your Stealth skill increases to level 2!
The orc wizard gestures at you while chanting.
The puff of flame misses you.
The puff of flame hits the orc priest!
The orc priest hits you but does no damage.
The orc hits you but does no damage.
There is an open door, spattered with blood here.
Items here: $ )) [.
You pummel the orc priest!! You freeze the orc priest.
You kill the orc priest!
The orc wizard points at you and mumbles some strange words.
You are confused.
The orc barely misses you.
The orc is distracted by your dazzling golden aura.
The orc wizard casts a spell.
The orc wizard flickers and vanishes!
Deactivating autopickup; reactivate with Ctrl-A.
Unknown command.
You barely miss the molten gargoyle.
The molten gargoyle hits you with a +0 morningstar!!
You are engulfed in flames!
The fire burns you terribly! The orc wizard closely misses you.
You feel better.
You howl as the wereblood boils in your veins!
The orc wizard closely misses you.
The molten gargoyle hits you with a +0 morningstar!!
You are engulfed in flames!
The fire burns you terribly!
* * * LOW HITPOINT WARNING * * *
Unknown command.
Something hits you but does no damage.
The molten gargoyle attacks as you move away!
The molten gargoyle hits you with a +0 morningstar!
* * * LOW HITPOINT WARNING * * *
You are engulfed in flames!
The fire burns you terribly!
You die...
Your body crumbles into a pile of gold.

#.#.....#'###...<...#
#.#........##.......#
#.#........##.......#
#'###########.......#
#.......#..##########
#.###...#.######
#.#.....#)#o...#
#)#...#.#'#9o..#
#.....#.#$Yooo.+
#...###.#'#....#
#.......'.#....#
################


You could see a molten gargoyle, an orc wizard and 4 orcs.

Vanquished Creatures
  An elephant (D)
  Prince Ribbit (D)
  A flying skull (D)
  A fire bat (D)
  A centaur (D)
  2 scorpions (D)
  An iron imp (D)
  3 orc priests (D)
  An orc wizard (D)
  A gnoll (D)
  2 adders (D)
  A bat (D)
  A goblin (D)
  2 hobgoblins (D)
  2 quokkas (D)
  2 frilled lizards (D)
  A kobold (D)
  A rat (D)
25 creatures vanquished.

Notes
Turn   | Place    | Note
-------+----------+-------------------------------------------
     0 | D        | mhtbhm the Troll Transmuter began the quest for the Orb.
     0 | D        | Reached XP level 1. HP: 18/18 MP: 1/1
    43 | D        | Found a bloodstained altar of Trog.
    43 | D        | Found a shimmering blue altar of Sif Muna.
    43 | D        | Found a viscous altar of Jiyva.
    43 | D        | Found a hazy altar of Hepliaklqana.
    43 | D        | Found an opulent altar of Gozag.
    44 | D        | Found a glowing golden altar of the Shining One.
    44 | D        | Found a glowing silver altar of Zin.
    44 | D        | Found a basalt altar of Yredelemnul.
    44 | D        | Found a shimmering altar of Xom.
    44 | D        | Found an ornate altar of the Wu Jian Council.
    44 | D        | Found a sacrificial altar of Ru.
    44 | D        | Found a stormy altar of Qazlal.
    44 | D        | Found an iron altar of Okawaru.
    44 | D        | Found a sparkling altar of Nemelex Xobeh.
    44 | D        | Found a burning altar of Makhleb.
    44 | D        | Found a blossoming altar of Fedhas.
    44 | D        | Found a white marble altar of Elyvilon.
    44 | D        | Found a shadowy altar of Dithmenos.
    44 | D        | Found a snail-covered altar of Cheibriados.
    46 | D        | Found a radiant altar of Vehumet.
    46 | D        | Found a corrupted altar of Lugonu.
    47 | D        | Found a hide-covered altar of Uskayaw.
    47 | D        | Found an ancient bone altar of Kikubaaqudgha.
    47 | D        | Found a broken altar of Ashenzari.
    53 | D        | Became a worshipper of Gozag Ym Sagoz the Greedy
    79 | D        | Reached skill level 4 in Unarmed Combat
    79 | D        | Reached XP level 2. HP: 24/26 MP: 1/3
    83 | D        | Reached skill level 5 in Unarmed Combat
   118 | D        | Learned a level 2 spell: Wereblood
   223 | D        | Noticed a scorpion
   237 | D        | Killed a scorpion
   238 | D        | Reached skill level 1 in Fighting
   238 | D        | Reached skill level 6 in Unarmed Combat
   238 | D        | Reached XP level 3. HP: 30/33 MP: 2/5
   238 | D        | Reached XP level 4. HP: 37/41 MP: 2/6
   439 | D        | Noticed a scorpion
   452 | D        | Killed a scorpion
   453 | D        | Reached skill level 7 in Unarmed Combat
   453 | D        | Reached XP level 5. HP: 31/48 MP: 6/8
   482 | D        | Noticed a flying skull
   482 | D        | Noticed a centaur
   492 | D        | Killed a flying skull
   493 | D        | Reached skill level 9 in Unarmed Combat
   493 | D        | Reached XP level 6. HP: 35/57 MP: 7/10
   494 | D        | Reached skill level 10 in Unarmed Combat
   530 | D        | Learned a level 3 spell: Spider Form
   535 | D        | Learned a level 4 spell: Ice Form
   551 | D        | Noticed an elephant
   562 | D        | Killed an elephant
   563 | D        | Reached skill level 5 in Dodging
   563 | D        | Reached skill level 1 in Stealth
   563 | D        | Reached skill level 12 in Unarmed Combat
   563 | D        | Reached XP level 7. HP: 32/66 MP: 7/12
   595 | D        | Noticed a fire bat
   595 | D        | Noticed Prince Ribbit
   611 | D        | Killed Prince Ribbit
   612 | D        | Reached skill level 5 in Transmutations
   620 | D        | Killed a fire bat
   621 | D        | Reached skill level 13 in Unarmed Combat
   621 | D        | Reached XP level 8. HP: 30/74 MP: 3/13
  1424 | D        | Noticed a molten gargoyle
  1435 | D        | Slain by a molten gargoyle

Illustrated notes

Levels and vault maps discovered:
D:        pitsprint [storerooms_1, entrance_room_1, metal_vault_4, armoury_3,
          mini_pit_1, grid_room_1, main_hall_1, silver_pit, the_coven_1,
          the_vestibule_1, steel_vault_2, golden_pit, hallway_of_sentries,
          crystal_vault_4, iron_vault_1, final_vault]

Skill      XL: |  1  2  3  4  5  6  7  8 |
---------------+-------------------------+-----
Dodging        | 2 3 4 5 |  5.6
Unarmed Combat | 4 6 7 9 12 13 | 13.2
Spellcasting   | 2 3 4 |  4.5
Fighting       | 1 2 |  2.8
Transmutations | 2 3 4 5 |  5.2
Stealth        | 1 2 |  2.0
Ice Magic      | |  0.5
Poison Magic   | |  0.6

Action                   |  1- 3 |  4- 6 |  7- 9 || total
-------------------------+-------+-------+-------++-------
Melee: Unarmed           |    21 |    33 |    28 ||    82
       Kick              |       |     1 |       ||     1
       Headbutt          |       |     1 |       ||     1
       Punch             |       |       |     1 ||     1
 Cast: Wereblood         |     1 |     1 |     2 ||     4
       Beastly Appendage |       |     1 |       ||     1
       Spider Form       |       |     1 |     1 ||     2
       Ice Form          |       |       |     1 ||     1
  Use: Potion            |     2 |     1 |     1 ||     4
 Stab: Sleeping          |       |     1 |       ||     1
Armor: Robe              |     3 |     2 |     2 ||     7
       Skin              |     5 |       |     3 ||     8
Dodge: Dodged            |     4 |    15 |    18 ||    37

Table legend: (Time is in decaauts)
 A = Elapsed time spent in this place.
 B = Non-inter-level travel time spent in this place.
 C = Inter-level travel time spent in this place.
 D = Time resting spent in this place.
 E = Time spent auto-exploring this place.
 F = Levels seen in this place.
 G = Mean time per level.
                   A        B        C        D        E       F      G
               +--------+--------+--------+--------+--------+-----+--------+
         Total |   1421 |   1421 |      0 |   1096 |     29 |   1 | 1421.0 |
       Dungeon |   1421 |   1421 |      0 |   1096 |     29 |   1 | 1421.0 |
               +--------+--------+--------+--------+--------+-----+--------+

Top non-repeatable levels by time:
       D: 1421 daAuts
